 Dungeon Crawl Stone Soup version 0.17.0-23-g0de4337 (webtiles) character file.

7725716 Sharkman1231 the Messiah (level 27, 273/273 HPs)
             Began as a Hill Orc Gladiator on Nov 13, 2015.
             Was the Champion of Beogh.
             Escaped with the Orb
             ... and 10 runes on Nov 14, 2015!
             The game lasted 03:41:31 (96332 turns).

Sharkman1231 the Messiah (Hill Orc Gladiator)      Turns: 96332, Time: 03:41:31

Health: 273/273    AC: 48    Str: 28    XL:     27
Magic:  40/40      EV: 34    Int:  8    God:    Beogh [******]
Gold:   3199       SH: 19    Dex: 20    Spells: 7 memorised, 22 levels left

rFire  + + .     SeeInvis +     a - +1 demon trident of Inference {pain, Str+6}
rCold  + + .     Clarity  .     i - +10 pearl dragon armour
rNeg   + . .     SustAt   .     Y - +2 shield of Resistance {rF+ rC+ MR+}
rPois  .         Gourm    .     D - +2 helmet {SInv}
rElec  +         Spirit   .     e - +2 cloak of Starlight {rElec rC+ EV+4 Stlth--}
rCorr  .         Warding  .     X - +2 pair of gloves {archery}
rMut   +         Stasis   .     z - +2 pair of boots {run}
MR     +++..                    K - amulet of resist mutation
Stlth  +.........               C - ring of Shaolin {EV+8}
                                L - ring "Ecky" {*Drain rElec rF+ Slay+4}

@: very slightly contaminated, hasted, very quick, extremely resistant to
hostile enchantments, very unstealthy
A: walk on water, hooves 1
a: Smiting, Recall Orcish Followers, Give Item to Named Follower, Renounce
Religion
0: Orb of Zot
}: 10/15 runes: serpentine, barnacled, slimy, silver, abyssal, demonic, glowing,
magical, fiery, dark


You escaped.
You worshipped Beogh.
Beogh was exalted by your worship.
You were full.

You visited 11 branches of the dungeon, and saw 60 of its levels.
You visited Pandemonium 5 times, and saw 21 of its levels.
You visited the Abyss 5 times.
You visited 2 bazaars.
You visited 1 ziggurat, and saw 10 of its levels.
You also visited: Ice Cave.

You collected 8197 gold pieces.
You spent 4998 gold pieces at shops.

Inventory:

Hand Weapons
 a - the +1 demon trident of Inference (weapon) {pain, Str+6}
   (You acquired it on level 15 of the Dungeon)

   In the hands of one skilled in necromantic magic, it inflicts extra damage on
   living creatures.
   It affects your strength (+6).
 b - a +8 demon trident of electrocution
Missiles
 d - 11 throwing nets (quivered)
Armour
 e - the +2 cloak of Starlight (worn) {rElec rC+ EV+4 Stlth--}
   (You found it on level 2 of the Lair of Beasts)

   It affects your evasion (+4).
   It protects you from cold.
   It insulates you from electricity.
   It makes you much less stealthy.
 i - a +10 pearl dragon armour (worn)
 l - a +0 gold dragon armour
 z - a +2 pair of boots of running (worn)
 D - a +2 helmet of see invisible (worn)
 R - a +1 pearl dragon armour
 X - a +2 pair of gloves of archery (worn)
 Y - the +2 shield of Resistance (worn) {rF+ rC+ MR+}
   (You bought it in a shop on level 14 of the Dungeon)

   It protects you from fire.
   It protects you from cold.
   It affects your resistance to hostile enchantments.
Jewellery
 c - an uncursed amulet of regeneration
 s - the ring of Nihy {rC+ rN+ Int+2}
   (You took it off a vault guard on level 5 of the Vaults)

   [ring of protection from cold]

   It affects your intelligence (+2).
   It protects you from cold.
   It protects you from negative energy.
 t - the ring of Shadows {Umbra +Inv rN+ SInv}
   (You found it on level 3 of the Shoals)

   [ring of invisibility]

   It protects you from negative energy.
   It lets you see invisible.
   It lets you turn invisible.
 C - the ring of Shaolin (right hand) {EV+8}
   (You took it off an orc on level 8 of the Dungeon)

   [ring of evasion]

   It affects your evasion (+8).
 E - the ring of Xom's Flight of Fancy {Wiz rC+ Str+6}
   (You found it in Pandemonium)

   [ring of wizardry]

   It improves your spell success rate.
   It affects your strength (+6).
   It protects you from cold.
 G - the ring "Weof" {rPois MR+ Str+6 Int-2}
   (You took it off a deep elf mage on level 3 of the Elven Halls)

   [ring of protection from magic]

   It affects your strength (+6).
   It affects your intelligence (-2).
   It protects you from poison.
   It affects your resistance to hostile enchantments.
 J - an uncursed ring of protection from fire
 K - an amulet of resist mutation (around neck)
 L - the ring "Ecky" (left hand) {*Drain rElec rF+ Slay+4}
   (You found it in Pandemonium)

   [ring of slaying]

   It affects your accuracy and damage with ranged weapons and melee attacks
   (+4).
   It protects you from fire.
   It insulates you from electricity.
   It causes draining when unequipped.
 M - an uncursed amulet of resist corrosion
 W - the amulet "Qushraz" {Spirit MR+ MP+9 Int+3}
   (You found it on level 1 of the Elven Halls)

   [amulet of guardian spirit]

   It causes incoming damage to be split between your health and magic.
   It affects your intelligence (+3).
   It affects your resistance to hostile enchantments.
   It affects your magic capacity (+9).
Wands
 r - a wand of teleportation (4)
 v - a wand of heal wounds (5)
 B - a wand of disintegration (0)
 T - a wand of disintegration (0)
Scrolls
 f - 5 scrolls of identify
 h - 6 scrolls of magic mapping {!r}
 j - 12 scrolls of recharging
 k - a scroll of acquirement
 o - 2 scrolls of silence
 w - 6 scrolls of blinking
 x - 6 scrolls of fog
 y - 19 scrolls of fear {!r}
 I - 3 scrolls of holy word
 Q - 6 scrolls of summoning
 Z - 21 scrolls of remove curse
Potions
 g - 2 potions of invisibility
 q - 7 potions of cancellation
 u - 2 potions of flight
 F - 4 potions of berserk rage
 H - 4 potions of agility
 N - 22 potions of curing
 O - 5 potions of might
 P - 3 potions of haste
 U - 3 potions of resistance
Miscellaneous
 S - a fan of gales
Comestibles
 m - 30 fruits
 n - 10 beef jerkies
 p - 16 bread rations


   Skills:
 O Level 27 Fighting
 - Level 15.2 Polearms
 - Level 9.7 Throwing
 - Level 20.2 Armour
 + Level 13.7 Dodging
 - Level 9.2 Stealth
 - Level 15.0 Shields
 - Level 9.0 Spellcasting
 - Level 12.1 Hexes
 - Level 9.3 Charms
 - Level 8.5 Necromancy
 - Level 8.5 Translocations
 - Level 16.9 Air Magic
 O Level 27 Invocations
 - Level 12.0 Evocations


You had 22 spell levels left.
You knew the following spells:

 Your Spells              Type           Power        Failure   Level  Hunger
a - Regeneration          Chrm/Necr      ###.......   2%          3    ###....
b - Spectral Weapon       Hex/Chrm       ###.....     1%          3    ###....
c - Silence               Hex/Air        ####......   2%          5    ######.
d - Repel Missiles        Chrm/Air       ###...       1%          2    ##.....
e - Haste                 Chrm           ###.....     89%         6    #######
f - Apportation           Tloc           ###.......   1%          1    None
g - Blink                 Tloc           N/A          1%          2    ##.....


Dungeon Overview and Level Annotations

Branches:
Dungeon (15/15)            Temple (0/1) D:5            Lair (8/8) D:8
 Shoals (4/4) Lair:4        Snake (4/4) Lair:6        Slime (6/6) Lair:7
    Orc (4/4) D:11            Elf (3/3) Orc:4        Vaults (5/5) D:13
  Crypt (0/3) Vaults:2     Depths (5/5) D:15           Hell (1/1)
    Zot (5/5) Depths:5
    Dis: Hell:1         Geh: Hell:1         Coc: Hell:1         Tar: Hell:1

Altars:
Ashenzari
Cheibriados
Elyvilon
Fedhas
Gozag
Kikubaaqudgha
Nemelex Xobeh
Ru
Sif Muna
Trog
Yredelemnul
Zin
The Shining One
Jiyva
Lugonu

Shops:
D:7 (   D:14 *}:[   Orc:4 :[:=   Elf:1 *   Shoals:1 [   Snake:2 }

Portals:
Hell: Depths:1 Depths:2 Depths:3 Depths:4 Depths:5
Abyss: Depths:1 Depths:4
Pandemonium: Depths:1 Depths:3 Depths:4
Bazaar: Shoals:2

Annotations:
D:5 Eustachio


Innate Abilities, Weirdness & Mutations

You can walk on water.
You have large cloven feet.


Message History

You are very lightly contaminated with residual magic.
Evoke which item? (* to show all) (? for menu, Esc to quit)
This wand has no charges.
Evoke which item? (* to show all) (? for menu, Esc to quit)
Zapping:
B - a wand of disintegration (1)
Press: ? - help, Shift-Dir - straight line, f - Zeober
Aim: Zeober (chance to defeat MR: 15%)
The rock wall explodes into countless fragments.
This wand has 0 charges left.
Zeober is nearby!
A hobgoblin comes into view.
The hobgoblin shouts!
You puncture the hobgoblin!
You kill the hobgoblin!
Beogh accepts your kill.
You see here a hobgoblin corpse.
There is an open door here.
There is a staircase leading out of the dungeon here.
There are no items here.
You have escaped!

######......#####.#####.#...#..
#.........#.#...#.#...#.#...#..
##.#####..#.#.>.'.#...#.#...#..
#.# #..#.#...#.#...#.#......
#.# #..#.#####.##'##.....#..
#.#####..#.......†....&....#..
#........#.##'##.#####.#...#..
######.....#...#.#...#.#######
#.....#.@.#.'...#.#######
#..)..#...#.#...#.##.....
#...#.#####.#####.##..... ###
#.................##..... #.#
#............#..####..... #.#
###................#..... #.#
#................#..... #.#
#................###... #.#
#..........#########...


There were no monsters in sight!

Vault maps used:
D:1:      minmay_arrival_four_houses
D:2:      grunt_gozag_statues, first_bread, minmay_hedge_maze,
          trog_butcher_becter, uniq_robin
D:3:      kennysheep_goblin_castle
D:4:      marbit_many_paths
D:5:      tgw_xom, minmay_temple_entry_poolview, uniq_eustachio
D:7:      grunt_temple_overflow_open, gammafunk_temple_overflow_wave,
          serial_shops, shop, grunt_ogre_cave, uniq_joseph
D:8:      lair_0_dummy
D:9:      lemuel_coloured_pillars_altar, lemuel_round_altar,
          nicolae_ru_path_of_blood
D:10:     basic_altar
D:11:     minmay_wavy_crystal, david_orc_3
D:12:     basic_altar, fedhas_bush_and_centaur_altar, uniq_frances
D:13:     erik_vaults_2, tgw_lugonu_bribe
D:14:     serial_park_square1, serial_shops, nicolae_shop_waterfront, shop,
          kennysheep_little_box, nicolae_shop_crystal
D:15:     hangedman_depths_entry_civil_slaughter,
          lemuel_mausoleum_altar_yredelemnul, uniq_josephine, uniq_rupert,
          uniq_agnes
Lair:1:   lemuel_fruit_fields
Lair:2:   infiniplex_staircase_pool
Lair:3:   lemuel_fruit_tree
Lair:4:   minmay_shoals_entry_lonely_mermaid, nicolae_quartered_pool_super
Lair:5:   serial_bayou_pond_e, infiniplex_staircase_pool_2
Lair:6:   guppyfry_snake_entry_garden
Lair:7:   slime_dummy
Lair:8:   evilmike_catoblepas_cave, serial_bayou_pond_e, serial_bayou_shore_b
Shoals:1: serial_shops, nicolae_shop_statue_plus
Shoals:2: serial_shops, bzr_entry_road, uniq_polyphemus, uniq_louise
Shoals:3: nicolae_shoals_siren_and_animal_friends
Shoals:4: shoals_end_hangedman, shoals_ilsuiw_ice, abandoned_shop, uniq_donald,
          uniq_jorgrun, uniq_nikola
Snake:1:  nicolae_snake_shapes
Snake:2:  serial_shops, shop_statue
Snake:3:  nicolae_coiled_stairwell_down, serial_bayou_shore_b
Snake:4:  johnstein_snake_rune_scales
Slime:2:  cheibrodos_slime_lost_civilization_4
Slime:3:  cheibrodos_slime_lost_civilization_5
Orc:1:    portal_ice_cave_entry_ice_beasts
Orc:3:    nicolae_orc_pool_cavern, amalloy_card_club
Orc:4:    st_orc_elflike
Elf:1:    elf_arrival_001, serial_shops, shop, kennysheep_underground_church
Elf:3:    elf_hall, serial_shops, bzr_entry_customers, uniq_saint_roka
Vaults:1: v_misc_29, vaults_dpeg_encased_lava, ontoclasm_vaults_water_temple,
          hangedman_vaults_trim, vaults_mumra_hex, vaults_mumra_chevron_long,
          ontoclasm_vaults_pinch, nicolae_vaults_angled_halls,
          nicolae_vaults_little_squares_3, dpeg_vaults_monster_box,
          ontoclasm_vaults_chip, vaults_dpeg_cross, serial_ice_h,
          vaults_room_door_hall
Vaults:2: hangedman_vaults_corner_blocks, vaults_room_pool, sword_in_stone,
          grunt_vaults_diagonal, v_misc_32, v_rooms_4,
          grunt_vaults_hallway_short, v_alt_pattern_3,
          ontoclasm_vaults_ligature, blue_anna_dwarven_crypt, v_misc_10,
          v_misc_29, v_misc_15, ontoclasm_vaults_spin, ontoclasm_vaults_gateway,
          nicolae_vaults_alarming, vaults_room_hallway, serial_shops,
          bzr_entry_islet
Vaults:3: v_misc_25, st_octagons_1, nicolae_vaults_ring_of_whatevers,
          nicolae_vaults_angled_halls, v_misc_30, vaults_room_octagon,
          v_misc_24, v_misc_4, v_misc_30, nicolae_vaults_ninety_degrees,
          nicolae_vaults_windows_and_doors_thing, hangedman_vaults_hat,
          vaults_room_pools, v_misc_19, serial_glass
Vaults:4: nicolae_vaults_big_ls, vaults_room_fancy_cross,
          nicolae_vaults_little_squares_3, v_misc_5,
          nicolae_vaults_diagonal_hallway_6, vaults_standard_mumra_lines,
          nicolae_vaults_twisting_passages, grunt_vaults_focal,
          nicolae_vaults_quadrants, v_alt_pattern_2,
          nicolae_vaults_stairing_the_circle
Vaults:5: serial_shops, uniq_margery
Depths:1: abyss_entry_crystal, hell_entry, pan_entry, roderic_serpentine_path,
          minmay_tree_intersection, spider_trap, grunt_decor_mini_mirrors,
          basic_loot_grate_trap, hangedman_decor_growths, minmay_door_square,
          nrook_mini_vaults, statue_in_the_mist_lemuel, nooodl_food_tri
Depths:2: spriggan_forest, hell_entry, uniq_wiglaf
Depths:3: constructs_gauntlet_mu_hangedman, enter_ziggurat_e,
          grunt_hell_entry_dis_grunt, rand_demon_pan_entry_5, uniq_jory
Depths:4: hangedman_opposites_gauntlet, hell_entry, grunt_pan_entry_zigzag,
          abyss_entry, infiniplex_staircase_zigzag_4
Depths:5: grunt_zot_entry_gee_three, pf_coc_iceberg, minmay_curled_crystal,
          uniq_enchantress
Zot:1:    nicolae_lava_and_water, lemuel_baited_zot_trap
Zot:3:    hangedman_snake_sidewinding
Abyss:1:  evilmike_abyss_exit_4
Abyss:2:  evilmike_abyss_exit_14
Abyss:3:  eino_small_chamber_without_monster,
          nicolae_abyss_rune_containment_breach, evilmike_abyss_exit_7
Pan:      nicolae_pan_door_chamber, nicolae_pan_mnolegish_3,
          evilmike_mini_pan_branches, pan_blood_fountain_2, grunt_pan_sceptre,
          nicolae_pan_double_arrow, evilmike_mini_pan_pillars_b,
          nicolae_pan_gloorx_vloqian_3, nicolae_pan_sick_transit, rand_demon_9,
          uniq_mennas_pan, grunt_pan_spiral, pan_blood_fountain_2,
          evilmike_mini_pan_thingy, pan_blood_fountain, evilmike_holy_pan,
          cerebov_st, gloorx_vloq_grunt, lom_lobon_st, enter_ziggurat_pan_c,
          nicolae_pan_glass_arcs, uniq_mennas_pan, pan_blood_fountain,
          nicolae_pan_sigil_nadil, grunt_pan_spiral, grunt_pan_frozen_over,
          pan_blood_fountain, pan_blood_fountain_small,
          nicolae_pan_gloorx_vloqian_3, evilmike_mini_pan_V,
          enter_ziggurat_pan_a, evilmike_mini_pan_branches,
          evilmike_mini_pan_possible_glass, uniq_lom_lobon, rand_demon_9,
          pan_blood_fountain, enter_ziggurat_pan_b, rand_demon_7, mnoleg_st,
          uniq_lom_lobon
Zig:7:    ziggurat_loot_3
Bazaar:   bazaar_jpeg_cross, bazaar_minmay_row
IceCv:    ice_cave_small_giant

Notes
Turn   | Place    | Note
--------------------------------------------------------------
     0 | D:1      | Sharkman1231 the Hill Orc Gladiator began the quest for the Orb.
     0 | D:1      | Reached XP level 1. HP: 18/18 MP: 1/1
   174 | D:1      | Reached XP level 2. HP: 25/25 MP: 2/2
   508 | D:1      | Reached skill level 4 in Polearms
   600 | D:2      | Found a bloodstained altar of Trog.
   629 | D:2      | Reached XP level 3. HP: 22/30 MP: 3/3
   958 | D:2      | Noticed Robin
  1224 | D:2      | Reached XP level 4. HP: 30/38 MP: 4/4
  1244 | D:2      | Killed Robin
  1244 | D:2      | Reached skill level 5 in Polearms
  1643 | D:2      | Found an opulent altar of Gozag.
  1751 | D:2      | Reached XP level 5. HP: 27/46 MP: 5/5
  2418 | D:3      | Reached skill level 6 in Polearms
  2537 | D:3      | Reached XP level 6. HP: 51/53 MP: 6/6
  3409 | D:4      | Reached skill level 5 in Fighting
  3409 | D:4      | Reached skill level 7 in Polearms
  3440 | D:4      | Reached XP level 7. HP: 43/61 MP: 7/7
  3441 | D:4      | Became a worshipper of Beogh the Brigand
  3867 | D:4      | Reached skill level 8 in Polearms
  4058 | D:4      | Found an ancient bone altar of Kikubaaqudgha.
  4139 | D:5      | Entered Level 5 of the Dungeon
  4282 | D:5      | Reached XP level 8. HP: 41/70 MP: 8/8
  4592 | D:5      | Reached skill level 9 in Polearms
  4604 | D:5      | Found a staircase to the Ecumenical Temple.
  4745 | D:5      | Reached * piety under Beogh
  5046 | D:5      | Noticed Eustachio
  5688 | D:6      | Reached skill level 10 in Polearms
  5786 | D:6      | Noticed Marvili's ghost (novice TrBe)
  6341 | D:6      | Reached XP level 9. HP: 35/81 MP: 9/9
  7044 | D:6      | Killed Marvili's ghost
  7044 | D:6      | Reached skill level 11 in Polearms
  7537 | D:7      | Found a white marble altar of Elyvilon.
  7538 | D:7      | Found a snail-covered altar of Cheibriados.
  7538 | D:7      | Noticed Joseph
  7539 | D:7      | Found a shattered altar of Ashenzari.
  7539 | D:7      | Found a blossoming altar of Fedhas.
  7831 | D:7      | Reached ** piety under Beogh
  7887 | D:7      | Found a bloodstained altar of Trog.
  7913 | D:7      | Found a deep blue altar of Sif Muna.
  7934 | D:7      | Killed Joseph
  7934 | D:7      | Reached skill level 12 in Polearms
  8286 | D:7      | Reached XP level 10. HP: 59/92 MP: 10/10
  8942 | D:7      | Got a bloodstained scale mail
  8953 | D:7      | Identified the cursed +1 scale mail "Cigoud" {Int+5 Dex+2} (You found it on level 7 of the Dungeon)
  9008 | D:7      | Found Widaus's Weapon Shop.
  9030 | D:7      | Reached skill level 10 in Fighting
  9030 | D:7      | Reached skill level 13 in Polearms
  9251 | D:7      | Found a sparkling altar of Nemelex Xobeh.
  9251 | D:7      | Found a glowing golden altar of the Shining One.
  9772 | D:8      | Found a staircase to the Lair.
 10350 | D:9      | HP: 4/94 [orc priest/divine providence (15)]
 10897 | D:9      | Found a basalt altar of Yredelemnul.
 11055 | D:9      | Reached *** piety under Beogh
 11124 | D:9      | Found a glowing silver altar of Zin.
 11314 | D:9      | Found a sacrificial altar of Ru.
 11567 | D:10     | Entered Level 10 of the Dungeon
 11853 | D:10     | Reached skill level 14 in Polearms
 11934 | D:10     | Found an opulent altar of Gozag.
 11943 | D:10     | Reached skill level 1 in Invocations
 12168 | D:11     | Noticed a seven-headed hydra
 12177 | D:11     | Killed a seven-headed hydra
 12177 | D:11     | Reached XP level 11. HP: 46/102 MP: 7/13
 12558 | D:11     | Found a staircase to the Orcish Mines.
 12740 | D:11     | Reached skill level 5 in Invocations
 12744 | D:11     | Gained Berold as an ally
 12771 | D:11     | Noticed a hill giant
 12790 | D:11     | Killed a hill giant
 13080 | D:11     | Got an ichor-stained glaive
 13082 | D:11     | Identified the cursed +1 glaive of Igoceap {chop, MR- Str+6 SInv} (You found it on level 11 of the Dungeon)
 13114 | D:11     | Noticed an eight-headed hydra
 13128 | D:11     | Killed an eight-headed hydra
 13243 | D:11     | Reached **** piety under Beogh
 13832 | D:12     | Gained Bogmar as an ally
 13909 | D:12     | Found a deep blue altar of Sif Muna.
 14040 | D:12     | Found a blossoming altar of Fedhas.
 14065 | D:12     | Noticed a hill giant
 14076 | D:12     | Killed a hill giant
 14076 | D:12     | Reached skill level 5 in Dodging
 14479 | D:12     | Noticed Frances
 14511 | D:12     | Killed Frances
 14511 | D:12     | Reached XP level 12. HP: 15/113 MP: 13/18
 15222 | D:13     | Noticed a centaur warrior
 15243 | D:13     | Killed a centaur warrior
 15529 | D:13     | Noticed a vault guard
 15529 | D:13     | Noticed a vault guard
 15530 | D:13     | Noticed a vault guard
 15530 | D:13     | Noticed a vault guard
 15549 | D:13     | Killed a vault guard
 15553 | D:13     | Noticed a vault guard
 15556 | D:13     | Noticed a vault guard
 15556 | D:13     | Killed a vault guard
 15568 | D:13     | Your ally Berold died
 15570 | D:13     | Killed a vault guard
 15577 | D:13     | Killed a vault guard
 15584 | D:13     | Killed a vault guard
 15862 | D:13     | Found a gate to the Vaults.
 15879 | D:13     | Noticed a vault guard
 15896 | D:13     | Killed a vault guard
 15896 | D:13     | Reached skill level 10 in Invocations
 15907 | D:13     | Killed a vault guard
 16113 | D:13     | Noticed a vault guard
 16125 | D:13     | Killed a vault guard
 16399 | D:13     | Found a corrupted altar of Lugonu.
 16457 | D:13     | Gained Norbak as an ally
 16842 | D:13     | Reached XP level 13. HP: 118/122 MP: 21/21
 17489 | D:14     | Reached ***** piety under Beogh
 17604 | D:14     | Reached skill level 15 in Polearms
 17660 | D:14     | Found Yvuh Wyu's Book Emporium.
 17730 | D:14     | Found Curoxzus's Armour Emporium.
 17763 | D:14     | Your ally Norbak died
 17808 | D:14     | Bought the +2 shield of Resistance {rF+ rC+ MR+} for 616 gold pieces
 17937 | D:14     | Reached skill level 1 in Shields
 18048 | D:14     | Found Uterchukk's Gadget Shop.
 18053 | D:14     | Bought a wand of teleportation (2) for 252 gold pieces
 18158 | D:14     | Found Qilidghe's General Store.
 18295 | D:14     | You fall through a shaft!
 18295 | D:15     | Entered Level 15 of the Dungeon
 18629 | D:15     | Reached skill level 5 in Shields
 18678 | D:15     | Noticed an ettin
 18678 | D:15     | Noticed Agnes
 18838 | D:15     | Noticed Josephine
 18862 | D:15     | Killed Josephine
 19018 | D:15     | Noticed Rupert
 19030 | D:15     | Killed Rupert
 19187 | D:15     | Identified a scroll of acquirement
 19190 | D:15     | Got a crude demon trident
 19191 | D:15     | Identified the +1 demon trident of Inference {pain, Str+6} (You acquired it on level 15 of the Dungeon)
 19539 | Orc:1    | Entered Level 1 of the Orcish Mines
 19540 | Orc:1    | Found a frozen archway.
 19724 | IceCv    | Entered an ice cave
 19807 | IceCv    | Reached XP level 14. HP: 106/129 MP: 23/23
 20005 | IceCv    | Noticed tap556's ghost (journeyman MiBe)
 20044 | IceCv    | Killed tap556's ghost
 20044 | IceCv    | Reached skill level 10 in Shields
 20550 | IceCv    | Noticed a frost giant
 20581 | IceCv    | Killed a frost giant
 20681 | IceCv    | Got a twisted battleaxe
 20687 | IceCv    | Identified the +6 battleaxe "Wonoluqag" {venom, rN+ SInv} (You found it in an ice cave)
 21219 | Lair:1   | Entered Level 1 of the Lair of Beasts
 21346 | Lair:1   | Reached ****** piety under Beogh
 21488 | Lair:1   | Gained Harm as an ally
 22797 | Lair:3   | Got a warped leather armour
 22808 | Lair:3   | Identified the +1 leather armour "Beafuf" {Slay+2} (You found it on level 3 of the Lair of Beasts)
 23513 | Lair:4   | Gained Warrok as an ally
 23663 | Lair:4   | Found a staircase to the Shoals.
 24178 | Shoals:1 | Entered Level 1 of the Shoals
 24998 | D:14     | Bought a book of Battle for 480 gold pieces
 25002 | D:14     | Learned a level 3 spell: Regeneration
 25006 | D:14     | Learned a level 3 spell: Spectral Weapon
 25061 | D:15     | Killed Agnes
 25061 | D:15     | Reached skill level 1 in Necromancy
 25064 | D:15     | Killed an ettin
 25242 | D:15     | Found a staircase to the Depths.
 25304 | D:15     | Reached XP level 15. HP: 120/136 MP: 24/24
 25425 | D:15     | Found a basalt altar of Yredelemnul.
 26128 | Orc:4    | Entered Level 4 of the Orcish Mines
 26128 | Orc:4    | Found a staircase to the Elven Halls.
 26374 | Orc:4    | Noticed AstroWarp's ghost (journeyman MiBe)
 26402 | Orc:4    | Killed AstroWarp's ghost
 26519 | Orc:4    | Found Wiesiot's Jewellery Emporium.
 26519 | Orc:4    | Found Loanuz's Book Emporium.
 26520 | Orc:4    | Gained Olfrun as an ally
 26521 | Orc:4    | Found Ytwedaqi's Book Boutique.
 26531 | Orc:4    | Found Asudd's Armour Boutique.
 27735 | Lair:6   | Found a staircase to the Snake Pit.
 27792 | Lair:6   | Reached skill level 5 in Necromancy
 27821 | Lair:6   | Gained Herok as an ally
 28160 | Lair:6   | Reached skill level 15 in Shields
 29506 | Lair:7   | Noticed tedric's ghost (journeyman MiBe)
 29525 | Lair:7   | Killed tedric's ghost
 29599 | Lair:7   | Found a staircase to the Slime Pits.
 30397 | Lair:8   | Entered Level 8 of the Lair of Beasts
 31952 | Orc:4    | Bought a +0 pearl dragon armour for 1300 gold pieces
 32351 | Shoals:1 | Reached skill level 1 in Armour
 32411 | Shoals:1 | Reached XP level 16. HP: 103/144 MP: 20/26
 32446 | Shoals:1 | Found Huink's Antique Armour Emporium.
 32969 | Shoals:2 | Noticed Louise
 32973 | Shoals:2 | Your ally Harm died
 32988 | Shoals:2 | Killed Louise
 33032 | Shoals:2 | Reached skill level 5 in Armour
 33218 | Shoals:2 | Noticed Polyphemus
 33614 | Shoals:2 | Killed Polyphemus
 33645 | Shoals:2 | Found a gateway to a bazaar.
 34080 | Shoals:3 | Noticed a kraken
 34091 | Shoals:3 | Your ally Herok died
 34093 | Shoals:3 | Gained Wardok as an ally
 34097 | Shoals:3 | Killed a kraken
 34340 | Shoals:3 | Reached skill level 10 in Armour
 34714 | Shoals:4 | Entered Level 4 of the Shoals
 34716 | Shoals:4 | Noticed Ilsuiw
 34806 | Shoals:4 | Noticed Nikola
 34816 | Shoals:4 | Your ally Warrok died
 34820 | Shoals:4 | Your ally Bogmar died
 34910 | Shoals:4 | Noticed Jorgrun
 34921 | Shoals:4 | Killed Jorgrun
 34995 | Shoals:4 | Your ally Olfrun died
 35047 | Shoals:4 | Reached XP level 17. HP: 50/150 MP: 24/27
 35404 | Shoals:4 | Killed Nikola
 35417 | Shoals:4 | Your ally Wardok died
 35516 | Shoals:4 | Killed Ilsuiw
 36205 | Shoals:4 | Noticed a kraken
 36230 | Shoals:4 | Killed a kraken
 36273 | Shoals:4 | Noticed Donald
 36285 | Shoals:4 | Killed Donald
 36456 | Shoals:4 | Gained Blodwig as an ally
 36538 | Shoals:4 | Got a barnacled rune of Zot
 37026 | Shoals:4 | Reached skill level 15 in Armour
 37473 | Snake:1  | Entered Level 1 of the Snake Pit
 39255 | Snake:1  | Reached XP level 18. HP: 146/161 MP: 23/29
 39533 | Snake:1  | Reached skill level 15 in Invocations
 39775 | Snake:2  | Identified the Grimoire of the Captivating Frostbite
 40083 | Snake:2  | Reached skill level 15 in Fighting
 41103 | Snake:2  | Found Cerphun's Gadget Emporium.
 41131 | Snake:2  | Got a polished ring mail
 41132 | Snake:2  | Identified the cursed +0 ring mail "Qames" {rN+ MR+ Regen+} (You found it on level 2 of the Snake Pit)
 41269 | Snake:3  | Reached skill level 16 in Invocations
 41409 | Snake:3  | Gained Morguth as an ally
 41605 | Snake:3  | Reached skill level 1 in Charms
 41987 | Snake:4  | Entered Level 4 of the Snake Pit
 42248 | Snake:4  | Gained Bogmar as an ally
 42352 | Snake:4  | Noticed Vashnia
 42358 | Snake:4  | Reached skill level 5 in Charms
 42400 | Snake:4  | Your ally Bogmar died
 42401 | Snake:4  | Your ally Morguth died
 42423 | Snake:4  | Your ally Blodwig died
 42843 | Snake:4  | Gained Boderik as an ally
 42941 | Snake:4  | Your ally Boderik died
 43289 | Snake:4  | Reached XP level 19. HP: 151/172 MP: 22/31
 43599 | Snake:4  | Gained Ugrim as an ally
 44044 | Snake:4  | Your ally Ugrim died
 44424 | Snake:4  | Killed Vashnia
 44854 | Snake:4  | Gained Zartorak as an ally
 44875 | Snake:4  | Your ally Zartorak died
 44879 | Snake:4  | Reached skill level 1 in Spellcasting
 45150 | Snake:4  | Gained Ugrim as an ally
 45223 | Snake:4  | Gained Urtork as an ally
 45233 | Snake:4  | Got a serpentine rune of Zot
 47113 | Vaults:1 | Entered Level 1 of the Vaults
 47701 | Vaults:1 | Reached skill level 5 in Spellcasting
 49108 | Vaults:2 | Found a flickering gateway to a bazaar.
 49128 | Bazaar   | Entered a bazaar
 49134 | Bazaar   | Found Liannuutz's Book Shop.
 49160 | Bazaar   | Found Himm's Jewellery Shop.
 49468 | Vaults:2 | Reached XP level 20. HP: 152/180 MP: 28/32
 49514 | Vaults:2 | Found a staircase to the Crypt.
 50019 | Vaults:2 | Your ally Urtork died
 50022 | Vaults:2 | Gained Berold as an ally
 50320 | Vaults:2 | Gained Orkrul as an ally
 50541 | Vaults:2 | Your ally Berold died
 50577 | Vaults:2 | Your ally Orkrul died
 51375 | Vaults:3 | Reached skill level 17 in Invocations
 52915 | Vaults:4 | Reached XP level 21. HP: 175/191 MP: 34/34
 53064 | Vaults:4 | Gained Horkud as an ally
 53685 | Vaults:4 | Reached skill level 18 in Invocations
 54170 | Vaults:5 | Entered Level 5 of the Vaults
 54363 | Vaults:5 | Your ally Horkud died
 54642 | Vaults:5 | Noticed sleevener's ghost (adept DgTm)
 54761 | Vaults:5 | Killed sleevener's ghost
 54789 | Vaults:5 | Got a flickering platinum ring
 54790 | Vaults:5 | Identified the ring of Nihy {rC+ rN+ Int+2} (You took it off a vault guard on level 5 of the Vaults)
 55191 | Vaults:5 | Got a silver rune of Zot
 55448 | Vaults:5 | Reached skill level 19 in Invocations
 55546 | Vaults:5 | Noticed a shard shrike
 55899 | Vaults:4 | Reached XP level 22. HP: 204/204 MP: 35/35
 56012 | Vaults:5 | Noticed a juggernaut
 56016 | Vaults:5 | Noticed a shard shrike
 56016 | Vaults:5 | a juggernaut changed into a shard shrike
 56020 | Vaults:5 | Killed a shard shrike
 56161 | Vaults:5 | Noticed an ancient lich
 56211 | Vaults:5 | Reached skill level 1 in Hexes
 56231 | Vaults:5 | Killed an ancient lich
 56282 | Vaults:5 | Noticed Margery
 56306 | Vaults:5 | Killed Margery
 56306 | Vaults:5 | Reached skill level 5 in Hexes
 56390 | Vaults:5 | Noticed a golden dragon
 56419 | Vaults:5 | Killed a golden dragon
 56798 | Vaults:5 | Got a faintly glowing bone ring
 56801 | Vaults:5 | Identified the ring "Byobail" {Fire +Fly rPois Dex+4} (You took it off a vault guard on level 5 of the Vaults)
 57746 | Vaults:2 | Reached skill level 10 in Hexes
 57746 | Vaults:2 | Gained Ugrim as an ally
 57990 | Elf:1    | Entered Level 1 of the Elven Halls
 58198 | Elf:1    | Got a brightly glowing bone amulet
 58676 | Elf:1    | Found Kawann's Assorted Antiques.
 58683 | Elf:1    | Bought a scroll labeled POASIUHIYQUO for 32 gold pieces
 58683 | Elf:1    | Identified the amulet "Qushraz" {Spirit MR+ MP+9 Int+3} (You found it on level 1 of the Elven Halls)
 59032 | Elf:2    | Gained Oruk as an ally
 59230 | Elf:2    | Found a runed gate.
 59230 | Elf:2    | Found a runed gate.
 59230 | Elf:2    | Found a runed gate.
 59636 | Elf:3    | Entered Level 3 of the Elven Halls
 59657 | Elf:3    | Noticed Saint Roka
 59715 | Elf:2    | Killed Saint Roka
 59715 | Elf:2    | Reached XP level 23. HP: 185/211 MP: 36/36
 59744 | Elf:3    | Found a flickering gateway to a bazaar.
 59758 | Bazaar   | Entered a bazaar
 59758 | Bazaar   | Found Cesseu Kiama's Distillery.
 59758 | Bazaar   | Found Zerac's Antique Armour Shoppe.
 59758 | Bazaar   | Found Jaseff's Magic Scroll Emporium.
 59758 | Bazaar   | Found Heuxoada's Distillery.
 59758 | Bazaar   | Found Xustac's Antique Weapon Shoppe.
 59780 | Bazaar   | Bought a scroll of teleportation for 30 gold pieces
 59780 | Bazaar   | Bought a scroll of blinking for 75 gold pieces
 59780 | Bazaar   | Bought a scroll of fog for 20 gold pieces
 59782 | Bazaar   | Bought a potion of beneficial mutation for 455 gold pieces
 59782 | Bazaar   | Gained mutation: You have a pair of small horns on your head. [potion of beneficial mutation]
 59783 | Bazaar   | Bought 2 potions of might for 104 gold pieces
 59783 | Bazaar   | Bought a potion of berserk rage for 65 gold pieces
 59783 | Bazaar   | Bought a potion of agility for 52 gold pieces
 59783 | Bazaar   | Bought a potion of heal wounds for 65 gold pieces
 59783 | Bazaar   | Bought a potion of curing for 39 gold pieces
 59783 | Bazaar   | Bought a potion of curing for 39 gold pieces
 59783 | Bazaar   | Bought a potion of curing for 39 gold pieces
 59783 | Bazaar   | Bought a potion of cancellation for 104 gold pieces
 59791 | Bazaar   | Bought a potion of heal wounds for 40 gold pieces
 59791 | Bazaar   | Bought a potion of curing for 24 gold pieces
 59791 | Bazaar   | Bought a potion of might for 32 gold pieces
 59791 | Bazaar   | Bought a potion of curing for 24 gold pieces
 59791 | Bazaar   | Bought a potion of agility for 32 gold pieces
 59791 | Bazaar   | Bought a potion of resistance for 80 gold pieces
 59791 | Bazaar   | Bought a potion of flight for 24 gold pieces
 59791 | Bazaar   | Bought a potion of agility for 32 gold pieces
 59791 | Bazaar   | Bought a potion of haste for 80 gold pieces
 59791 | Bazaar   | Bought a potion of heal wounds for 40 gold pieces
 59791 | Bazaar   | Bought 2 potions of curing for 48 gold pieces
 59791 | Bazaar   | Bought a potion of haste for 80 gold pieces
 59800 | Bazaar   | Bought a scroll of recharging for 95 gold pieces
 59979 | Elf:3    | Gained Bogmar as an ally
 60989 | D:14     | Bought a book of Enchantments for 600 gold pieces
 60996 | D:14     | Learned a level 5 spell: Silence
 61315 | Elf:3    | Your ally Ugrim died
 61323 | Elf:3    | Reached skill level 1 in Air Magic
 61330 | Elf:3    | Your ally Bogmar died
 61346 | Elf:3    | Your ally Oruk died
 62129 | Elf:3    | Got a faintly glowing garnet amulet
 62133 | Elf:3    | Identified the amulet "Inap" {Gourm rElec Str+4 Stlth-} (You took it off a deep elf demonologist on level 3 of the Elven Halls)
 62464 | Elf:3    | Reached skill level 5 in Air Magic
 62483 | Elf:3    | Gained Murdo as an ally
 62490 | Elf:3    | Your ally Murdo died
 62742 | Elf:3    | Got a fine jade ring
 62743 | Elf:3    | Identified the ring "Weof" {rPois MR+ Str+6 Int-2} (You took it off a deep elf mage on level 3 of the Elven Halls)
 62867 | Elf:3    | Identified the Almanac of the Feathery Entourage
 62872 | Elf:3    | Learned a level 2 spell: Repel Missiles
 63197 | Lair:1   | Lost mutation: You have a pair of small horns on your head. [potion of cure mutation]
 63451 | Depths:1 | Entered Level 1 of the Depths
 63634 | Depths:2 | Gained Morun as an ally
 63826 | Depths:2 | Found a gateway to Hell.
 63831 | Depths:2 | Found a bloodstained altar of Trog.
 64049 | Depths:2 | Gained Bogdan as an ally
 64073 | Depths:2 | Your ally Bogdan died
 64613 | Depths:2 | Noticed the Enchantress
 64628 | Depths:2 | Killed the Enchantress
 64781 | Depths:2 | Got a faerie dragon armour
 64782 | Depths:2 | Identified the +3 faerie dragon armour {rPois rF+ MP+9} (You took it off the Enchantress on level 2 of the Depths)
 65002 | Depths:2 | Noticed Wiglaf
 65015 | Depths:2 | Killed Wiglaf
 65568 | Depths:3 | Found a one-way gate leading to the halls of Pandemonium.
 65672 | Depths:3 | Noticed Nergalle
 65676 | Depths:3 | Killed Nergalle
 65763 | Depths:3 | Noticed Jory
 65785 | Depths:3 | Killed Jory
 65785 | Depths:3 | Reached skill level 10 in Air Magic
 66110 | Depths:3 | Found a gateway to a ziggurat.
 66133 | Zig:1    | Entered Level 1 of a ziggurat
 66177 | Zig:2    | Entered Level 2 of a ziggurat
 66189 | Zig:2    | Reached XP level 24. HP: 190/220 MP: 35/36
 66215 | Zig:3    | Entered Level 3 of a ziggurat
 66255 | Zig:4    | Entered Level 4 of a ziggurat
 66299 | Zig:4    | Got a brightly glowing amber ring
 66300 | Zig:4    | Identified the ring "Uguneak" {Fire rElec} (You found it on level 4 of a ziggurat)
 66429 | Zig:5    | Entered Level 5 of a ziggurat
 66497 | Zig:5    | Identified Daofal's Disquisition on Excruciating Enhancements
 66506 | Zig:5    | Learned a level 6 spell: Haste
 66515 | Zig:6    | Entered Level 6 of a ziggurat
 66560 | Zig:6    | Gained Bogward as an ally
 66717 | Zig:7    | Entered Level 7 of a ziggurat
 66896 | Zig:7    | Reached XP level 25. HP: 161/226 MP: 36/36
 67034 | Zig:8    | Entered Level 8 of a ziggurat
 67321 | Zig:9    | Entered Level 9 of a ziggurat
 67665 | Zig:9    | Identified Iskenderun's Incunabulum of Conjuration
 67674 | Zig:9    | Learned a level 1 spell: Apportation
 67797 | Zig:10   | Entered Level 10 of a ziggurat
 67925 | Zig:10   | Identified the Handbook of Stones (You found it on level 10 of a ziggurat)
 67940 | Zig:10   | Identified a +2 pair of boots of running (You found it on level 10 of a ziggurat)
 67942 | Zig:10   | Got a wavering steel ring
 67943 | Zig:10   | Identified the ring "Ciuwiq" {EV+3 Str-5 Int+3 SInv} (You found it on level 10 of a ziggurat)
 67949 | Zig:10   | Identified the Papyrus of Conjuration and Augmentations (You found it on level 10 of a ziggurat)
 68663 | Depths:1 | Gained Spirok as an ally
 68804 | Depths:1 | Found a one-way gate to the infinite horrors of the Abyss.
 68990 | Depths:1 | Your ally Spirok died
 69609 | Depths:4 | Gained Borgk as an ally
 69730 | Depths:4 | Your ally Borgk died
 69788 | Depths:4 | Reached skill level 15 in Air Magic
 69965 | Hell     | Entered the Vestibule of Hell
 69965 | Hell     | Noticed Geryon
 69987 | Depths:4 | Reached XP level 26. HP: 198/234 MP: 36/36
 70744 | Depths:5 | Entered Level 5 of the Depths
 70831 | Depths:5 | Noticed a juggernaut
 70839 | Depths:5 | Killed a juggernaut
 71228 | Depths:5 | Your ally Bogward died
 71309 | Depths:5 | Found a gate to the Realm of Zot.
 72096 | Pan      | Entered Pandemonium
 72145 | Pan      | Reached skill level 20 in Invocations
 72375 | Pan      | Noticed Sugre Pei the pandemonium lord
 72707 | Pan      | Noticed Jaaso the pandemonium lord
 72713 | Pan      | Reached skill level 21 in Invocations
 72730 | Pan      | Found an exit through the horrors of the Abyss.
 72813 | Pan      | Got a wavering copper ring
 72815 | Pan      | Identified the ring "Ecky" {*Drain rElec rF+ Slay+4} (You found it in Pandemonium)
 73209 | Pan      | Found an exit through the horrors of the Abyss.
 73243 | Pan      | Took an exit into the Abyss.
 73243 | Abyss:1  | Escaped into the Abyss
 73394 | Abyss:1  | Reached skill level 1 in Stealth
 73689 | Depths:4 | Escaped the Abyss
 73691 | Pan      | Entered Pandemonium
 73691 | Pan      | Noticed Juurph the pandemonium lord
 73698 | Pan      | Gained Agrik as an ally
 73699 | Pan      | Your ally Agrik died
 73713 | Pan      | Killed Juurph the pandemonium lord
 74326 | Pan      | Reached skill level 5 in Stealth
 74326 | Pan      | Reached XP level 27. HP: 192/242 MP: 37/37
 74580 | Pan      | Found an exit through the horrors of the Abyss.
 74586 | Pan      | Took an exit into the Abyss.
 74586 | Abyss:1  | Escaped into the Abyss
 74777 | Abyss:1  | Gained mutation: Scrolls take you a little longer to read. [a cacodemon]
 75072 | Abyss:2  | Found a bloodstained altar of Trog.
 75183 | Abyss:2  | Found a corrupted altar of Lugonu.
 75850 | Abyss:3  | Reached skill level 1 in Translocations
 76227 | Abyss:3  | Found a corrupted altar of Lugonu.
 76332 | Abyss:3  | Reached skill level 1 in Evocations
 76337 | Abyss:3  | Gained Gorm as an ally
 76341 | Abyss:3  | Your ally Gorm died
 76384 | Abyss:3  | Gained Herok as an ally
 76392 | Abyss:3  | Paralysed by accursed screaming for 1 turns
 76399 | Abyss:3  | Found a corrupted altar of Lugonu.
 76621 | Abyss:3  | Reached skill level 5 in Evocations
 77497 | Abyss:3  | Reached skill level 10 in Evocations
 77706 | Abyss:3  | Gained Bladwarg as an ally
 77721 | Abyss:3  | Your ally Bladwarg died
 78457 | Abyss:3  | Found a corrupted altar of Lugonu.
 78530 | Abyss:3  | Found a burning altar of Makhleb.
 78547 | Abyss:3  | Reached skill level 22 in Invocations
 78609 | Abyss:3  | Found a burning altar of Makhleb.
 78609 | Abyss:3  | Paralysed by accursed screaming for 1 turns
 78661 | Abyss:3  | Got an abyssal rune of Zot
 78677 | Depths:4 | Escaped the Abyss
 78980 | Pan      | Entered Pandemonium
 79019 | Pan      | Found an exit through the horrors of the Abyss.
 79039 | Pan      | Took an exit into the Abyss.
 79039 | Abyss:1  | Escaped into the Abyss
 79039 | Abyss:1  | Found a corrupted altar of Lugonu.
 79039 | Abyss:1  | Found a corrupted altar of Lugonu.
 79072 | Abyss:1  | Noticed an ancient lich
 79110 | Abyss:1  | Killed an ancient lich
 79111 | Abyss:1  | Reached skill level 23 in Invocations
 79274 | Depths:4 | Escaped the Abyss
 79436 | Pan      | Entered Pandemonium
 79489 | Pan      | Gained Norbak as an ally
 79489 | Pan      | Gained Bogdan as an ally
 79878 | Pan      | Reached skill level 24 in Invocations
 79881 | Pan      | Noticed a seraph
 79889 | Pan      | Your ally Norbak died
 79891 | Pan      | Your ally Bogdan died
 79911 | Pan      | Killed a seraph
 79996 | Pan      | Found a glowing golden altar of the Shining One.
 80007 | Pan      | Got a demonic rune of Zot
 80136 | Pan      | Gained Oreg as an ally
 80307 | Pan      | Entered the realm of Cerebov.
 80376 | Pan      | Learned a level 2 spell: Blink
 80430 | Pan      | Reached skill level 5 in Translocations
 80606 | Pan      | Noticed Cerebov
 80790 | Pan      | Killed Cerebov
 80833 | Pan      | Got a fiery rune of Zot
 80933 | Pan      | Found an exit through the horrors of the Abyss.
 81052 | Pan      | Entered the realm of Gloorx Vloq.
 81088 | Pan      | Found an exit through the horrors of the Abyss.
 81367 | Pan      | Your ally Morun died
 81451 | Pan      | Reached skill level 5 in Throwing
 81780 | Pan      | Noticed Gloorx Vloq
 81800 | Pan      | Killed Gloorx Vloq
 81814 | Pan      | Got a dark rune of Zot
 82434 | Pan      | Entered the realm of Lom Lobon.
 82503 | Pan      | Noticed Lom Lobon
 82575 | Pan      | Got a magical rune of Zot
 82842 | Pan      | Noticed Mennas
 82858 | Pan      | Killed Mennas
 83419 | Pan      | Noticed Ewamp the pandemonium lord
 83438 | Pan      | Killed Ewamp the pandemonium lord
 83785 | Pan      | Found a gateway to a ziggurat.
 83933 | Pan      | Found an exit through the horrors of the Abyss.
 84043 | Pan      | Reached skill level 10 in Dodging
 84050 | Pan      | Noticed Lom Lobon
 85013 | Pan      | Found an exit through the horrors of the Abyss.
 85028 | Pan      | Took an exit into the Abyss.
 85028 | Abyss:1  | Escaped into the Abyss
 85028 | Abyss:1  | Found an ancient bone altar of Kikubaaqudgha.
 85028 | Abyss:1  | Found a corrupted altar of Lugonu.
 85028 | Abyss:1  | Noticed an ancient lich
 85046 | Abyss:1  | Killed an ancient lich
 85100 | Abyss:1  | Gained mutation: You occasionally shout uncontrollably at your foes. [a shining eye]
 85133 | Depths:4 | Escaped the Abyss
 85136 | Pan      | Entered Pandemonium
 85186 | Pan      | Found a runed door.
 85207 | Pan      | Found a runed door.
 85208 | Pan      | Found a runed door.
 85216 | Pan      | Noticed Xeirakox the pandemonium lord
 85217 | Pan      | Got a transparent jade ring
 85220 | Pan      | Identified the ring of Xom's Flight of Fancy {Wiz rC+ Str+6} (You found it in Pandemonium)
 85224 | Pan      | Found a runed door.
 85240 | Pan      | Entered the realm of Mnoleg.
 85388 | Pan      | Killed Xeirakox the pandemonium lord
 85414 | Pan      | Noticed Lom Lobon
 85457 | Pan      | Gained mutation: You are weak. (Str -2) [a neqoxec]
 85704 | Pan      | Noticed Mnoleg
 85711 | Pan      | Gained mutation: Scrolls take you longer to read. [a cacodemon]
 85729 | Pan      | Got a glowing rune of Zot
 85729 | Pan      | Your ally Oreg died
 85736 | Pan      | Your ally Ugrim died
 85737 | Pan      | Found an exit through the horrors of the Abyss.
 85745 | Pan      | Took an exit into the Abyss.
 85745 | Abyss:1  | Escaped into the Abyss
 85763 | Depths:4 | Escaped the Abyss
 85894 | Zot:1    | Entered Level 1 of the Realm of Zot
 86634 | Slime:1  | Entered Level 1 of the Pits of Slime
 86707 | Slime:3  | Gained Gorbash as an ally
 86707 | Slime:3  | Gained mutation: You tend to lose your temper in combat. [a shining eye]
 86988 | Slime:6  | Entered Level 6 of the Pits of Slime
 87078 | Slime:6  | Found a viscous altar of Jiyva.
 87082 | Slime:6  | Noticed the royal jelly
 87096 | Slime:6  | Your ally Gorbash died
 87100 | Slime:6  | Killed the royal jelly
 87156 | Slime:6  | Gained mutation: You are very weak. (Str -4) [a shining eye]
 87159 | Slime:6  | Lost mutation: You tend to lose your temper in combat. [potion of cure mutation]
 87159 | Slime:6  | Lost mutation: Scrolls take you longer to read. [potion of cure mutation]
 87159 | Slime:6  | Lost mutation: You are very weak. (Str -4) [potion of cure mutation]
 87159 | Slime:6  | Lost mutation: You occasionally shout uncontrollably at your foes. [potion of cure mutation]
 87196 | Slime:6  | Got a slimy rune of Zot
 87198 | Slime:6  | Got a bound bone ring
 87201 | Slime:6  | Identified the ring "Nicoag" {+Inv Str+7} (You found it on level 6 of the Pits of Slime)
 87252 | Slime:6  | Lost mutation: Scrolls take you a little longer to read. [potion of cure mutation]
 87252 | Slime:6  | Lost mutation: You are weak. (Str -2) [potion of cure mutation]
 87266 | Slime:6  | Got a polished helmet
 87267 | Slime:6  | Identified the +2 helmet of Roampod {rN+} (You found it on level 6 of the Pits of Slime)
 88372 | Hell     | Noticed Murray
 88400 | Depths:5 | Gained Koronagh as an ally
 88551 | Hell     | Your ally Koronagh died
 88562 | Hell     | Reached skill level 25 in Invocations
 88700 | Hell     | Killed Geryon
 88980 | Hell     | Killed Murray
 89313 | Depths:4 | Gained Orkrul as an ally
 89745 | Zot:2    | Reached skill level 26 in Invocations
 89756 | Zot:3    | Your ally Orkrul died
 89767 | Zot:2    | Gained Norbak as an ally
 91170 | Zot:4    | Reached skill level 27 in Invocations
 91369 | Zot:4    | Your ally Norbak died
 92085 | Zot:5    | Entered Level 5 of the Realm of Zot
 92532 | Zot:5    | Noticed an ancient lich
 92544 | Zot:5    | Killed an ancient lich
 92983 | Zot:5    | Noticed an orb of fire
 92994 | Zot:5    | Gained mutation: You expend magic power (3 MP) to strengthen your wands. [an orb of fire]
 93001 | Zot:5    | Killed an orb of fire
 93179 | Zot:5    | Noticed an ancient lich
 93192 | Zot:5    | Killed an ancient lich
 93208 | Zot:5    | Noticed an orb of fire
 93237 | Zot:5    | Killed an orb of fire
 93256 | Zot:5    | Noticed an ancient lich
 93275 | Zot:5    | Killed an ancient lich
 93636 | Zot:5    | Noticed an ancient lich
 93648 | Zot:5    | Killed an ancient lich
 93681 | Zot:5    | Noticed an orb of fire
 93681 | Zot:5    | Noticed an orb of fire
 93701 | Zot:5    | Lost mutation: You expend magic power (3 MP) to strengthen your wands. [an orb of fire]
 93705 | Zot:5    | Killed an orb of fire
 93709 | Zot:5    | Noticed an orb of fire
 93715 | Zot:5    | Noticed an orb of fire
 93718 | Zot:5    | Killed an orb of fire
 93749 | Zot:5    | Killed an orb of fire
 93766 | Zot:5    | Killed an orb of fire
 94155 | Zot:5    | Noticed an orb of fire
 94566 | Zot:5    | Noticed an orb of fire
 94569 | Zot:5    | Gained Oreg as an ally
 94580 | Zot:5    | Gained mutation: You have large cloven feet. [an orb of fire]
 94608 | Zot:5    | Killed an orb of fire
 94615 | Zot:5    | Your ally Oreg died
 94695 | Zot:5    | Killed an orb of fire
 95257 | Zot:5    | Got the Orb of Zot
 95293 | Zot:5    | Noticed an orb of fire
 95430 | Zot:5    | Killed an orb of fire
 95430 | Zot:5    | Reached skill level 27 in Fighting
 95902 | D:12     | Noticed Jyokumme the pandemonium lord
 96294 | D:1      | Noticed Zeober the pandemonium lord
 96332 | D:$      | Escaped with the Orb!

Table legend:
 A = Turns spent in this place as a percentage of turns spent in the entire game.
 B = Non-inter-level travel turns spent in this place as a percentage of non-inter-level travel turns spent in the entire game.
 C = Inter-level travel turns spent in this place as a percentage of turns spent in this place.
 D = Turns resting spent in this place as a percentage of non-inter-level travel turns spent in this place.
 E = Turns spent auto-exploring this place as a percentage of non-inter-level travel turns spent in this place.
 F = Non-inter-level travel turns spent in this place divided by the number of levels of this place that you've seen.
                   A       B       C       D       E      F
               +-------+-------+-------+-------+-------+----------------------
         Total | 100.0 | 100.0 |   0.6 |   2.3 |   5.0 | 480.9
       Dungeon |  15.6 |  15.6 |   1.2 |   2.1 |   7.5 | 503.5
          Lair |   6.5 |   6.4 |   2.1 |   0.6 |  10.7 | 391.5
        Shoals |   6.3 |   6.3 |   0.3 |   2.4 |   4.7 | 769.8
     Snake Pit |   8.1 |   8.1 |   0.4 |   3.6 |   5.4 | 980.2
    Slime Pits |   1.2 |   1.2 |   0.9 |   5.4 |   0.0 |  95.7
  Orcish Mines |   2.2 |   2.2 |   2.5 |   1.0 |  17.2 | 261.5
   Elven Halls |   3.4 |   3.4 |   1.0 |   2.6 |   8.5 | 550.7
        Vaults |  12.1 |  12.1 |   0.3 |   2.3 |   6.3 | 1174.6
        Depths |   8.5 |   8.5 |   0.8 |   1.4 |   7.0 | 822.6
          Hell |   0.9 |   0.9 |   0.0 |   2.5 |   0.0 | 437.0
           Zot |   6.8 |   6.8 |   0.2 |   6.3 |   0.7 | 665.4
         Abyss |  11.6 |  11.7 |   0.0 |   0.2 |   1.5 | 811.4
   Pandemonium |  12.9 |  13.0 |   0.0 |   2.7 |   0.5 | 301.0
      Ziggurat |   2.3 |   2.3 |   0.0 |   2.4 |   0.7 | 112.9
        Bazaar |   0.2 |   0.2 |   0.0 |   0.0 |  18.3 |  41.0
      Ice Cave |   1.3 |   1.3 |   0.0 |   1.5 |   2.5 | 651.0
               +-------+-------+-------+-------+-------+----------------------

Table legend:
 A = Kills in this place as a percentage of kills in entire the game.
 B = Kills by you in this place as a percentage of kills by you in the entire game.
 C = Kills by friends in this place as a percentage of kills by friends in the entire game.
 D = Other kills in this place as a percentage of other kills in the entire game.
 E = Experience gained in this place as a percentage of experience gained in the entire game.
 F = Experience gained in this place divided by the number of levels of this place that you have seen.
                   A       B       C       D       E      F
               +-------+-------+-------+-------+-------+----------------------
         Total | 100.0 | 100.0 | 100.0 | 100.0 | 100.0 | 21869.7
       Dungeon |  13.4 |  14.9 |   9.8 |   0.0 |   3.5 | 5132.8
          Lair |   7.3 |   6.7 |  10.0 |   0.0 |   2.3 | 6345.6
        Shoals |   5.2 |   4.0 |   9.4 |   1.3 |   4.1 | 22817.8
     Snake Pit |   7.4 |   7.4 |   7.9 |   0.0 |   6.2 | 34227.0
    Slime Pits |   1.8 |   2.2 |   0.5 |   1.3 |   2.5 | 9164.3
  Orcish Mines |   1.5 |   1.2 |   2.6 |   0.0 |   0.4 | 1986.0
   Elven Halls |   3.2 |   3.2 |   3.6 |   1.3 |   3.1 | 22655.0
        Vaults |  14.9 |  11.7 |  25.4 |   7.7 |  14.7 | 64981.2
        Depths |  10.7 |   9.5 |  15.4 |   1.3 |  11.8 | 52206.0
          Hell |   0.8 |   1.1 |   0.0 |   0.0 |   1.3 | 29377.0
           Zot |   5.2 |   6.8 |   0.3 |   0.0 |  18.5 | 81587.6
         Abyss |  14.0 |  16.0 |   1.6 |  82.1 |  11.9 | 37405.4
   Pandemonium |  10.9 |  10.7 |  12.3 |   3.8 |  16.2 | 17029.2
      Ziggurat |   2.6 |   3.5 |   0.1 |   1.3 |   3.1 | 6894.5
      Ice Cave |   1.0 |   1.1 |   0.9 |   0.0 |   0.5 | 10365.0
               +-------+-------+-------+-------+-------+----------------------

Action                   |  1- 3 |  4- 6 |  7- 9 | 10-12 | 13-15 | 16-18 | 19-21 | 22-24 | 25-27 || total
-------------------------+-------+-------+-------+-------+-------+-------+-------+-------+-------++-------
Melee: Trident           |   157 |   307 |   587 |   932 |   355 |       |       |       |       ||  2338
       Unarmed           |       |       |       |     2 |       |       |       |       |       ||     2
       Demon trident     |       |       |       |       |  1292 |  1855 |  2199 |  1550 |  6109 || 13005
Throw: Throwing net      |       |       |     1 |     1 |       |     1 |       |       |     2 ||     5
 Cast: Regeneration      |       |       |       |       |       |     3 |     1 |     2 |    43 ||    49
       Spectral Weapon   |       |       |       |       |       |       |       |    23 |   271 ||   294
       Silence           |       |       |       |       |       |       |       |     3 |    11 ||    14
       Repel Missiles    |       |       |       |       |       |       |       |       |     2 ||     2
       Blink             |       |       |       |       |       |       |       |       |     6 ||     6
       Apportation       |       |       |       |       |       |       |       |       |     2 ||     2
Invok: Convert to Beogh  |       |       |     1 |       |       |       |       |       |       ||     1
       Smiting           |       |       |       |     7 |       |       |       |     4 |    28 ||    39
       Recall Orcish Fol |       |       |       |     2 |    23 |    29 |    19 |    23 |    38 ||   134
       Stop Recall       |       |       |       |       |     9 |    22 |     9 |     6 |     6 ||    52
       Give Item to Name |       |       |       |       |       |     2 |     2 |     2 |     4 ||    10
Evoke: Wand              |       |     2 |     3 |     2 |       |     1 |     1 |     5 |    37 ||    51
       Fan of gales      |       |       |       |     1 |     1 |       |       |       |       ||     2
  Use: Scroll            |       |     7 |     3 |    11 |    20 |    14 |    16 |    18 |    47 ||   136
       Potion            |       |       |       |     3 |       |     4 |     1 |     4 |    47 ||    59
 Stab: Sleeping          |       |       |     2 |       |       |       |       |       |       ||     2
       Distracted        |       |       |       |     6 |    19 |    11 |    24 |    25 |    87 ||   172
       Confused          |       |       |       |       |     1 |       |       |       |       ||     1
       Paralysed         |       |       |       |       |     2 |       |       |       |       ||     2
       Held in net/web   |       |       |       |       |       |       |       |       |     2 ||     2
  Eat: Chunk             |     1 |     7 |    11 |    21 |    33 |    20 |    16 |    20 |    18 ||   147
       Bread ration      |       |     1 |       |       |     2 |       |       |     1 |    16 ||    20
       Pizza             |       |       |     1 |     2 |       |     2 |     1 |       |     1 ||     7
       Royal jelly       |       |       |       |     2 |       |       |     2 |       |     5 ||     9
       Meat ration       |       |       |       |       |     2 |     3 |     4 |     3 |     7 ||    19
       Beef jerky        |       |       |       |       |       |     1 |     1 |     2 |    10 ||    14

Vanquished Creatures
  Cerebov (Pan)
  the royal jelly (Slime:6)
  Gloorx Vloq (Pan)
  A seraph (Pan)
  7 ancient liches
  9 orbs of fire (Zot:5)
  A shard shrike (shapeshifter) (Vaults:5)
  Margery (Vaults:5)
  Vashnia (Snake:4)
  4 Killer Klowns (Zot:5)
  A curse toe (Zot:3)
  Geryon (Hell)
  9 golden dragons
  Nikola (Shoals:4)
  Jory (Depths:3)
  the Enchantress (Depths:2)
  A profane servitor (Abyss:3)
  4 bone dragons
  5 Brimstone Fiends (Pan)
  3 pandemonium lords (Pan)
  2 electric golems (Zot:5)
  The ghost of sleevener the Alchemist, an adept DgTm (Vaults:5)
  16 tentacled monstrosities
  2 hellephants
  3 Hell Sentinels
  29 Orb Guardians
  4 liches
  2 Ice Fiends
  3 deep elf master archers
  A titan (Vaults:5)
  A deep elf blademaster (Elf:3)
  Murray (Hell)
  14 acid blobs
  8 death cobs
  3 krakens
  2 quicksilver dragons
  16 Executioners
  5 Shadow Fiends (Pan)
  An octopode crusher (Depths:1)
  A storm dragon (shapeshifter) (Abyss:3)
  16 tentacled starspawn
  3 sphinxes
  Frances (D:12)
  3 warmongers (Pan)
  A thorn hunter (Zig:10)
  5 draconian monks
  6 greater nagas
  7 storm dragons
  2 blood saints (Pan)
  A revenant (Abyss:3)
  5 shadow dragons
  2 daevas
  Ilsuiw (Shoals:4)
  Wiglaf (Depths:2)
  7 deep elf sorcerers
  A tengu reaver (Vaults:5)
  2 azure jellies
  9 fire giants
  8 cacodemons
  Donald (Shoals:4)
  2 draconian knights (Zot:3)
  13 balrugs
  10 vault wardens
  The ghost of AstroWarp the Executioner, a journeyman MiBe of Trog (Orc:4)
  10 frost giants
  3 iron dragons
  2 draconian zealots
  An emperor scorpion (Depths:2)
  5 ghost moths
  Louise (Shoals:2)
  4 draconian scorchers
  3 draconian shifters
  8 angels (Pan)
  10 ironheart preservers
  7 draconian annihilators
  6 ophanim (Pan)
  8 reapers
  2 draconian callers
  19 very ugly things
  7 stone giants
  3 war gargoyles
  5 spriggan defenders
  3 apis (Pan)
  10 black draconians
  2 salamander firebrands (Hell)
  2 green draconians
  4 lorocyprocas
  3 vampire knights
  6 deep elf annihilators
  4 salamander stormcallers
  11 white draconians
  4 deep elf demonologists (Elf:3)
  3 corrupters (Pan)
  2 chaos champions (Pan)
  9 red draconians
  2 dire elephants
  10 mottled draconians
  The ghost of tap556 the Cleaver, a journeyman MiBe of Trog (IceCv)
  9 purple draconians
  5 yellow draconians
  3 merfolk javelineers
  2 black suns (Pan)
  2 deep elf death magi (Elf:3)
  7 green deaths
  6 blizzard demons
  A crystal guardian (Vaults:3)
  14 ettins
  15 fire dragons
  A merfolk impaler (Shoals:1)
  An eidolon (Abyss:3)
  24 vault guards
  Josephine (D:15)
  15 yaktaur captains
  3 death oozes (Slime:6)
  3 deep elf high priests
  6 rakshasas
  4 spriggan air magi
  11 ice dragons
  14 great orbs of eyes
  11 naga warriors
  A great orb of eyes (shapeshifter) (Vaults:5)
  6 hydras
  A merfolk avatar (Shoals:3)
  An entropy weaver (Depths:5)
  2 death knights (Vaults:2)
  3 catoblepae (Lair:8)
  13 anacondas
  6 monstrous demonspawn
  A dancing weapon (Elf:2)
  9 centaur warriors
  11 ogre magi
  7 vampire magi
  3 merfolk aquamancers (Shoals:4)
  2 satyrs
  4 deep troll shamans
  2 tengu warriors
  12 naga sharpshooters
  2 alligators (Zig:10)
  11 death yaks
  8 hell hogs
  18 thrashing horrors
  6 spriggan berserkers
  A fire crab (Vaults:3)
  An iron golem (Hell)
  2 orc high priests
  7 shock serpents
  15 hell knights
  12 deep elf knights
  20 sun demons
  14 soul eaters
  13 wretched stars
  11 shadow wraiths
  5 salamander mystics
  37 slime creatures
  A fire crab (shapeshifter) (Vaults:5)
  5 iron trolls
  9 skeletal warriors
  8 ice devils
  5 unseen horrors
  2 ball lightnings (Pan)
  5 spriggan druids (Depths:2)
  7 deep elf summoners
  2 storm dragon skeletons (Pan)
  4 spatial maelstroms
  3 hill giants
  11 deep trolls
  A flayed ghost (Zig:8)
  8 cherubim (Pan)
  7 shadow demons
  A swamp dragon (Zig:10)
  2 gelid demonspawn (Pan)
  A swamp dragon (shapeshifter) (Zig:9)
  8 torturous demonspawn
  6 necromancers
  2 putrid demonspawn (Pan)
  2 shambling mangroves (Zig:10)
  16 harpies
  An anaconda skeleton (Abyss:3)
  7 infernal demonspawn (Pan)
  9 sea snakes
  9 naga ritualists
  4 wizards
  A phantasmal warrior (Zig:8)
  A quicksilver dragon simulacrum (Hell)
  5 orc knights
  12 ironbrand convokers
  5 giant orange brains
  11 deep elf conjurers
  2 orb spiders
  4 cyclopes
  A wolf spider (Zig:9)
  4 hornets
  7 fauns
  11 manticores
  A cyclops (shapeshifter) (Zig:5)
  3 orc sorcerers
  34 ugly things
  4 shining eyes
  13 mana vipers
  3 apocalypse crabs (Abyss:3)
  A salamander (shapeshifter) (Vaults:4)
  5 elephants
  19 naga magi
  22 sixfirhies
  2 iron dragon skeletons (Pan)
  A fire giant skeleton (Pan)
  The ghost of Marvili the Ducker, a novice TrBe of Trog (D:6)
  9 sirens
  17 moths of wrath
  8 salamanders
  4 worldbinders
  6 griffons
  6 rust devils
  2 stone giant skeletons (Pan)
  A water nymph (shapeshifter) (Depths:3)
  7 guardian serpents
  Joseph (D:7)
  2 frost giant skeletons
  7 water nymphs
  12 spiny frogs
  14 vault sentinels
  2 ice statues
  A molten gargoyle (Hell)
  A torpor snail (shapeshifter) (Zig:9)
  An eye of devastation (shapeshifter) (Abyss:3)
  7 komodo dragons
  A gargoyle (Depths:3)
  39 yaktaurs
  36 black mambas
  A spiny frog (shapeshifter) (Vaults:5)
  29 smoke demons
  2 eyes of devastation
  13 orange demons
  2 kobold demonologists (Vaults:3)
  3 tormentors
  2 yaktaurs (shapeshifter)
  2 fire drakes
  6 hellions
  4 efreet
  4 hellwings
  12 demonic crawlers
  8 ancient zymes
  14 red devils
  5 tengu conjurers
  3 trolls
  10 merfolk
  A hydra zombie (Abyss:2)
  2 jumping spiders (Zig:6)
  A polar bear (shapeshifter) (Vaults:1)
  7 freezing wraiths
  9 blue devils
  16 polar bears
  A raiju (shapeshifter) (D:15)
  17 two-headed ogres
  33 raiju
  10 blink frogs
  3 wind drakes
  2 harpy skeletons (Pan)
  A slime creature (shapeshifter) (Vaults:2)
  7 deep elf priests
  4 bog bodies (Zig:10)
  7 flying skulls
  5 snapping turtles
  A tengu simulacrum (Vaults:2)
  A fire giant simulacrum (Vaults:3)
  A fire dragon skeleton (Abyss:3)
  43 yaks
  23 spriggans
  15 ynoxinuls
  2 shadows
  A tarantella (Zig:6)
  3 air elementals
  50 starcursed masses
  2 ettin skeletons
  7 redbacks
  3 vampires (Abyss:3)
  10 water elementals
  2 wyverns
  28 deep elf fighters
  12 wraiths
  3 basilisks
  18 chaos spawn
  20 fire bats
  A golden eye (Zig:7)
  30 deep elf magi
  2 hungry ghosts
  A golden eye (shapeshifter) (Vaults:5)
  13 hippogriffs
  2 mottled dragons
  A human (shapeshifter) (Vaults:5)
  13 neqoxecs
  2 insubstantial wisps
  62 nagas
  5 wolves (IceCv)
  5 hell hounds
  6 spatial vortices
  3 wargs
  6 vampire mosquitoes
  A soldier ant (D:12)
  15 wasps
  12 water moccasins
  A black bear (D:9)
  5 swamp drakes
  8 orc warriors
  7 eyes of draining
  6 sky beasts
  9 ice beasts
  13 porcupines
  9 phantoms
  38 large abominations
  3 necrophages
  32 centaurs
  A snapping turtle skeleton (Pan)
  32 ogres
  15 crocodiles
  17 giant frogs
  A big kobold (shapeshifter) (Depths:4)
  3 big kobolds
  4 brain worms
  A human skeleton (Vaults:4)
  An ogre simulacrum (Vaults:1)
  A wyvern zombie (D:14)
  An earth elemental (Depths:3)
  29 small abominations
  8 scorpions
  A glowing shapeshifter simulacrum (Vaults:1)
  13 killer bees
  An electric eel (Lair:4)
  8 quasits
  12 vampire bats (Abyss:3)
  2 giant frog zombies
  2 human zombies (D:15)
  10 crimson imps
  6 centaur skeletons
  3 giant frog skeletons
  2 hounds (D:5)
  18 jellies
  6 orc priests
  19 orc wizards
  3 centaur zombies
  5 iguanas
  9 iron imps
  11 worker ants
  12 sheep
  A mummy (D:15)
  Robin (D:2)
  14 adders
  7 gnolls
  39 river rats
  6 shadow imps
  4 white imps
  7 ufetubi
  An adder skeleton (D:7)
  An ooze (D:5)
  A worm (shapeshifter) (Depths:3)
  3 worms
  43 orcs
  10 spectral bats (Abyss:3)
  4 bat skeletons (Depths:2)
  13 hobgoblins
  17 jackals
  19 kobolds
  7 quokkas
  10 bats
  10 bat simulacra (Abyss:3)
  11 giant cockroaches
  3 giant geckos
  A giant gecko skeleton (D:7)
  A giant gecko zombie (D:7)
  A giant newt (D:3)
  23 goblins
  A quokka skeleton (D:6)
  10 rats
  2 fire vortices (Vaults:4)
  3 plants
  16 starspawn tentacles
  6 tentacles
2740 creatures vanquished.

Vanquished Creatures (collateral kills)
  Mennas (Pan)
  A juggernaut (Depths:5)
  Saint Roka (Elf:2)
  A bone dragon (Abyss:3)
  Jorgrun (Shoals:4)
  Rupert (D:15)
  A tentacled monstrosity (Vaults:1)
  A deep elf blademaster (Elf:3)
  A titan (Vaults:5)
  6 Executioners (Pan)
  A tentacled starspawn (Abyss:2)
  Polyphemus (Shoals:2)
  2 sphinxes
  Agnes (D:15)
  4 storm dragons
  4 tengu reavers
  A draconian monk (Zot:4)
  4 shadow dragons
  A daeva (Pan)
  3 greater nagas (Snake:4)
  4 frost giants
  2 deep elf sorcerers (Elf:3)
  9 vault wardens
  A curse skull (Pan)
  3 cacodemons (Pan)
  A war gargoyle (Vaults:4)
  A warmonger (Pan)
  2 balrugs (Pan)
  A spriggan defender (Depths:3)
  4 angels (Pan)
  7 stone giants
  A reaper (Pan)
  A green draconian (Zot:4)
  7 ironheart preservers
  13 very ugly things
  3 ophanim (Pan)
  A lorocyproca (Pan)
  3 mottled draconians (Depths:5)
  5 deep elf annihilators
  A purple draconian (Depths:5)
  A salamander stormcaller (Vaults:2)
  The ghost of tedric the Severer, a journeyman MiBe of Trog (Lair:7)
  A black sun (Pan)
  2 deep elf death magi
  2 merfolk javelineers (Shoals:4)
  4 ettins
  4 yaktaur captains
  5 merfolk impalers (Shoals:4)
  2 green deaths (Pan)
  6 fire dragons
  7 blizzard demons
  18 vault guards
  2 deep elf high priests
  A quicksilver dragon skeleton (Pan)
  4 hydras
  4 entropy weavers
  7 naga warriors
  A catoblepas (Shoals:2)
  3 ice dragons
  2 spriggan air magi (Depths:2)
  5 great orbs of eyes
  A hell beast (Pan)
  5 merfolk avatars
  10 ogre magi
  4 anacondas
  4 centaur warriors
  4 merfolk aquamancers (Shoals:4)
  2 deep troll shamans
  A deep troll earth mage (Vaults:4)
  10 death yaks
  4 tengu warriors
  6 naga sharpshooters
  5 spriggan berserkers
  A fire crab (Vaults:1)
  3 soul eaters (Pan)
  2 shock serpents
  2 deep elf knights
  21 spriggans
  4 sun demons (Pan)
  Nergalle (Depths:3)
  8 slime creatures
  2 salamander mystics (Snake:4)
  3 hell knights
  3 shadow wraiths
  3 hell hogs (Abyss:3)
  A wretched star (Abyss:3)
  8 deep trolls
  11 harpies
  3 ice devils (Pan)
  2 spriggan druids (Depths:2)
  2 iron trolls (Depths:5)
  A cherub (Pan)
  2 skeletal warriors (D:15)
  2 phantasmal warriors
  4 sea snakes
  A deep elf summoner (Vaults:2)
  A torturous demonspawn (Pan)
  A shadow demon (Pan)
  3 naga ritualists
  16 ugly things
  5 hill giants
  An anaconda skeleton (Pan)
  4 deep elf conjurers
  12 griffons
  2 ironbrand convokers
  8 orc knights
  A stone giant zombie (Vaults:4)
  4 fauns
  3 necromancers
  8 sixfirhies (Pan)
  A wolf spider (Vaults:2)
  2 hornets
  6 cyclopes
  4 orc sorcerers
  4 manticores
  A hornet (shapeshifter) (Vaults:2)
  3 mana vipers
  3 salamanders
  4 water nymphs
  2 guardian serpents
  6 elephants
  A stone giant skeleton (Pan)
  6 orange demons
  A siren (Shoals:4)
  A spiny frog (shapeshifter) (D:14)
  6 naga magi
  An orc zombie (Vaults:1)
  A torpor snail (Zig:6)
  12 black mambas
  8 smoke demons (Pan)
  4 vault sentinels
  3 gargoyles
  3 spiny frogs
  3 demonic crawlers (Pan)
  2 kobold demonologists
  4 deep elf priests
  A blue devil (Pan)
  4 tormentors (Pan)
  2 hellwings (Pan)
  A queen bee (shapeshifter) (Vaults:1)
  An efreet (Pan)
  26 yaktaurs
  A fire drake (Lair:7)
  3 komodo dragons
  3 freezing wraiths
  5 tengu conjurers
  10 merfolk
  2 wind drakes
  4 red devils (Pan)
  A hornet zombie (Vaults:1)
  5 polar bears (IceCv)
  3 blink frogs
  9 two-headed ogres
  A troll (D:14)
  A raiju (Abyss:3)
  5 large abominations (Pan)
  A tarantella (Depths:1)
  2 starcursed masses (Abyss:3)
  5 redbacks
  3 ynoxinuls
  10 deep elf magi
  8 water elementals
  A shadow (D:14)
  7 snapping turtles
  2 wraiths
  A wyvern (D:15)
  23 yaks
  2 basilisks
  10 vampire mosquitoes
  4 wolves (Lair:3)
  14 deep elf fighters
  A steam dragon (D:12)
  A chaos spawn (Abyss:3)
  5 neqoxecs (Pan)
  19 nagas
  A warg (Vaults:3)
  6 water moccasins
  An ice beast (Orc:1)
  6 orc warriors
  A necrophage (D:15)
  30 ogres
  3 porcupines
  3 crocodiles
  5 wasps
  2 eyes of draining
  A swamp dragon skeleton (Pan)
  A giant frog (shapeshifter) (Abyss:3)
  14 centaurs
  A gnoll sergeant (D:11)
  3 big kobolds
  2 giant frogs
  An earth elemental (Depths:3)
  A yaktaur skeleton (Vaults:1)
  A brain worm (Pan)
  A glowing shapeshifter simulacrum (Vaults:4)
  6 killer bees (D:11)
  An electric eel (Lair:4)
  2 centaur zombies
  3 crimson imps
  A hound (D:13)
  A jelly (Slime:5)
  5 orc priests
  4 human zombies
  A giant frog skeleton (D:13)
  9 orc wizards
  An iguana (Lair:5)
  7 sheep
  A mummy (D:15)
  3 gnolls (D:11)
  17 river rats
  2 ufetubi
  12 orcs
  A bat (Shoals:3)
  2 bat skeletons (Depths:2)
  5 kobolds
  A quokka (D:11)
  A bush (D:14)
  A butterfly (Lair:1)
  4 fire vortices
  4 fungi
  11 plants
  4 tentacles
  A tentacle segment (Shoals:3)
898 creatures vanquished.

Vanquished Creatures (others)
  A quicksilver dragon (Vaults:5)
  A titan (Pan)
  A draconian monk (Zot:3)
  8 orc warlords
  A draconian annihilator (Pan)
  An ironheart preserver (Zig:9)
  A green death (Pan)
  A monstrous demonspawn (Pan)
  2 rakshasas (Pan)
  40 orc knights
  4 orc high priests
  2 deep elf knights (Vaults:5)
  A deep elf conjurer (Elf:2)
  A sea snake (Shoals:4)
  2 spatial maelstroms (Depths:4)
  11 ball lightnings (Pan)
  A giant orange brain (Pan)
  A harpy (Vaults:4)
  A wolf spider (Vaults:2)
  An orb spider (Zig:6)
  7 orc sorcerers
  4 wizards (Pan)
  A sixfirhy (Pan)
  65 orc warriors
  3 orange demons (Pan)
  3 smoke demons (Pan)
  A hellwing (Pan)
  2 two-headed ogres
  A slime creature (Depths:4)
  A water elemental (Depths:1)
  A deep elf mage (Vaults:5)
  A neqoxec (Pan)
  26 orc wizards
  2 boggarts
  An ogre (Vaults:2)
  A wasp (Zig:10)
  A swamp dragon simulacrum (Hell)
  A quasit (Zot:5)
  47 orc priests
  An iron imp (Abyss:3)
  A sheep (shapeshifter) (Abyss:3)
  An adder (D:4)
  A white imp (Abyss:2)
  An ufetubus (Abyss:1)
  92 orcs
  2 spectral bats (Abyss:3)
  A bat simulacrum (Abyss:3)
  51 eldritch tentacle segments (Pan)
  2 fire vortices
  3 fulminant prisms (Pan)
  A fungus (Lair:1)
  2 lurking horrors (Abyss:3)
  23 plants
  126 spectral weapons
  34 starspawn tentacles
  221 starspawn tentacle segments
  19 tentacles
  1203 tentacle segments
2036 creatures vanquished.

Grand Total: 5674 creatures vanquished
